MLB
LOS ANGELES DODGERS @ PITTSBURGH PIRATES
07/09/2099
 
TOP OF THE 1ST
Los Angeles Dodgers batting - Pitching for Pittsburgh Pirates : RHP Russ Einhorn
Pitching: RHP Russ Einhorn
Batting: RHB Dan Boyd 0-0: Ground out 4-3 (Groundball, 4, EV 106.9 MPH)
Batting: LHB Roy Lazzaro 0-0: Ball
1-0: Swinging Strike
1-1: Ball
2-1: Swinging Strike
2-2: Strikes out swinging
Batting: LHB Ramon Anguiano 0-0: Ball
1-0: Fly out, F4 (Popup, 4, EV 61.3 MPH)
Top of the 1st over - 0 runs, 0 hits, 0 errors, 0 left on base; Los Angeles 0 - Pittsburgh 0
BOTTOM OF THE 1ST
Pittsburgh Pirates batting - Pitching for Los Angeles Dodgers : RHP J.P. Vines
Pitching: RHP J.P. Vines
Batting: RHB Carlos Flores 0-0: Ball
1-0: Swinging Strike
1-1: DOUBLE (Line Drive, 78D, EV 109.4 MPH)
Batting: SHB Jamie Hoffman 0-0: Ball
1-0: Called Strike
1-1: Ball
2-1: Ball
3-1: Base on Balls
Batting: RHB Zachary Gugliotta 0-0: Ball
1-0: Ball
2-0: Foul Ball, location: 9LMF
2-1: SINGLE (Groundball, 5D, EV 99.4 MPH)
Carlos Flores to third
Jamie Hoffman to second
Batting: RHB Joey Noles 0-0: Swinging Strike
0-1: Called Strike
0-2: Strikes out looking
Batting: LHB Phil Samsa 0-0: Ball
1-0: Fly out, F9 (Flyball, 89M, EV 90.0 MPH)
Runner from 3rd tags up, SCORES, no throw by RF
Batting: RHB Alex Velazquez 0-0: Ball
1-0: Fly out, F8 (Flyball, 8LD, EV 95.6 MPH)
Bottom of the 1st over - 1 run, 2 hits, 0 errors, 2 left on base; Los Angeles 0 - Pittsburgh 1
TOP OF THE 2ND
Los Angeles Dodgers batting - Pitching for Pittsburgh Pirates : RHP Russ Einhorn
Batting: RHB Victor Salinas 0-0: Ball
1-0: Called Strike
1-1: Fly out, F8 (Flyball, 78D, EV 91.9 MPH)
Batting: SHB Mang He 0-0: Foul Ball, location: 3DF
0-1: Ball
1-1: Foul Ball, location: 7LMF
1-2: Foul Ball, location: 2LF
1-2: Ball
2-2: Strikes out swinging
Batting: RHB John Spohn 0-0: Ball
1-0: Foul Ball, location: 2F
1-1: Ball
2-1: Foul Ball, location: 2F
2-2: Ball
3-2: Foul Ball, location: 5FF
3-2: Base on Balls
Batting: RHB Joe Boyer 0-0: Called Strike
0-1: Ball
1-1: Foul Ball, location: 7LMF
1-2: Foul Ball, location: 2F
1-2: Ball
2-2: Fly out, F8 (Flyball, 8RD, EV 110.6 MPH)
Top of the 2nd over - 0 runs, 0 hits, 0 errors, 1 left on base; Los Angeles 0 - Pittsburgh 1
BOTTOM OF THE 2ND
Pittsburgh Pirates batting - Pitching for Los Angeles Dodgers : RHP J.P. Vines
Batting: SHB Nick Stiles 0-0: Ball
1-0: Foul Ball, location: 2F
1-1: Ball
2-1: Foul Ball, location: 2F
2-2: Foul Ball, location: 2F
2-2: Ball
3-2: Strikes out swinging
Batting: RHB Chris Ward 0-0: Called Strike
0-1: Foul Ball, location: 2F
0-2: Ball
1-2: Foul Ball, location: 2F
1-2: Ball
2-2: Ball
3-2: Ground out 5-3 (Groundball, 56, EV 105.0 MPH)
Batting: LHB Todd Schuller 0-0: Ball
1-0: Ball
2-0: Swinging Strike
2-1: Called Strike
2-2: Foul Ball, location: 3FF
2-2: Strikes out swinging
Bottom of the 2nd over - 0 runs, 0 hits, 0 errors, 0 left on base; Los Angeles 0 - Pittsburgh 1
TOP OF THE 3RD
Los Angeles Dodgers batting - Pitching for Pittsburgh Pirates : RHP Russ Einhorn
Batting: LHB Jamie Wortman 0-0: Ball
1-0: Fly out, F5 (Line Drive, 5L, EV 63.8 MPH)
Batting: RHB Bryan Uplinger 0-0: Ground out 5-3 (Groundball, 56S, EV 91.3 MPH)
Batting: RHB Dan Boyd 0-0: Called Strike
0-1: Foul Ball, location: 2F
0-2: Fly out, F8 (Flyball, 8LD, EV 95.0 MPH)
Top of the 3rd over - 0 runs, 0 hits, 0 errors, 0 left on base; Los Angeles 0 - Pittsburgh 1
BOTTOM OF THE 3RD
Pittsburgh Pirates batting - Pitching for Los Angeles Dodgers : RHP J.P. Vines
Batting: RHB Carlos Flores 0-0: Called Strike
0-1: Ball
1-1: Swinging Strike
1-2: Ball
2-2: Strikes out looking
Batting: SHB Jamie Hoffman 0-0: Foul Ball, location: 7LDF
0-1: Ball
1-1: Called Strike
1-2: Strikes out swinging
Batting: RHB Zachary Gugliotta 0-0: Ball
1-0: Foul Ball, location: 2RF
1-1: Ball
2-1: Fly out, F4 (Popup, 4D, EV 63.8 MPH)
Bottom of the 3rd over - 0 runs, 0 hits, 0 errors, 0 left on base; Los Angeles 0 - Pittsburgh 1
TOP OF THE 4TH
Los Angeles Dodgers batting - Pitching for Pittsburgh Pirates : RHP Russ Einhorn
Batting: LHB Roy Lazzaro 0-0: Swinging Strike
0-1: Called Strike
0-2: Strikes out swinging
Batting: LHB Ramon Anguiano 0-0: Foul Ball, location: 2F
0-1: Foul Ball, location: 2F
0-2: Ball
1-2: Ball
2-2: Ball
3-2: Foul Ball, location: 2F
3-2: Foul Ball, location: 2F
3-2: Ground out 3-1 (Groundball, 34S, EV 78.1 MPH)
Batting: RHB Victor Salinas 0-0: Ball
1-0: Called Strike
1-1: Foul Ball, location: 2F
1-2: Ball
2-2: Ground out 3-1 (Groundball, 34S, EV 83.8 MPH)
Top of the 4th over - 0 runs, 0 hits, 0 errors, 0 left on base; Los Angeles 0 - Pittsburgh 1
BOTTOM OF THE 4TH
Pittsburgh Pirates batting - Pitching for Los Angeles Dodgers : RHP J.P. Vines
Batting: RHB Joey Noles 0-0: Foul Ball, location: 9LSF
0-1: Fly out, F3 (Popup, 23F, EV 83.8 MPH)
Batting: LHB Phil Samsa 0-0: Foul Ball, location: 23F
0-1: Fly out, F7 (Flyball, 7D, EV 92.5 MPH)
Batting: RHB Alex Velazquez 0-0: Ball
1-0: Foul Ball, location: 2F
1-1: Swinging Strike
1-2: Ball
2-2: Ball
3-2: Ground out 4-3 (Groundball, 34, EV 97.5 MPH)
Bottom of the 4th over - 0 runs, 0 hits, 0 errors, 0 left on base; Los Angeles 0 - Pittsburgh 1
TOP OF THE 5TH
Los Angeles Dodgers batting - Pitching for Pittsburgh Pirates : RHP Russ Einhorn
Batting: SHB Mang He 0-0: Ball
1-0: Swinging Strike
1-1: Ball
2-1: Swinging Strike
2-2: Strikes out looking
Batting: RHB John Spohn 0-0: Called Strike
0-1: Fly out, F8 (Flyball, 8RXD, EV 88.8 MPH)
Batting: RHB Joe Boyer 0-0: Called Strike
0-1: Ball
1-1: Foul Ball, location: 2F
1-2: Ball
2-2: Foul Ball, location: 5FF
2-2: Ball
3-2: Base on Balls
Batting: LHB Jamie Wortman 0-0: Ball
1-0: Ball
2-0: Swinging Strike
2-1: Foul Ball, location: 2F
2-2: Ball
3-2: Foul Ball, location: 3SF
3-2: SINGLE (Groundball, 4MS, EV 76.3 MPH) (infield hit)
Joe Boyer to second
Batting: RHB Bryan Uplinger 0-0: Ball
1-0: Fly out, F8 (Line Drive, 8RD, EV 106.9 MPH)
Top of the 5th over - 0 runs, 1 hit, 0 errors, 2 left on base; Los Angeles 0 - Pittsburgh 1
BOTTOM OF THE 5TH
Pittsburgh Pirates batting - Pitching for Los Angeles Dodgers : RHP J.P. Vines
Batting: SHB Nick Stiles 0-0: Swinging Strike
0-1: SINGLE (Groundball, 34D, EV 109.4 MPH)
Batting: RHB Chris Ward 0-0: DOUBLE (Line Drive, 89D, EV 100.6 MPH)
Nick Stiles to third
Batting: LHB Todd Schuller 0-0: SINGLE (Groundball, 6MD, EV 106.3 MPH)
Nick Stiles scores
Chris Ward to third
Runner from 3rd tries for Home, SAFE, throw by CF to home
Todd Schuller to second
Batting: RHB Carlos Flores 0-0: Ball
1-0: Called Strike
1-1: Ball
2-1: Called Strike
2-2: Foul Ball, location: 2F
2-2: Foul Ball, location: 23FF
2-2: Ball
3-2: Strikes out swinging
Batting: SHB Jamie Hoffman 0-0: Ball
1-0: DOUBLE (Groundball, 5L, EV 103.8 MPH)
Todd Schuller scores
Batting: RHB Zachary Gugliotta 0-0: Foul Ball, location: 2F
0-1: Swinging Strike
0-2: Ball
1-2: Strikes out swinging
Batting: RHB Joey Noles 0-0: Ball
1-0: Ball
2-0: Ball
3-0: Called Strike
3-1: Foul Ball, location: 2LF
3-2: Strikes out swinging
Bottom of the 5th over - 3 runs, 4 hits, 0 errors, 1 left on base; Los Angeles 0 - Pittsburgh 4
TOP OF THE 6TH
Los Angeles Dodgers batting - Pitching for Pittsburgh Pirates : RHP Russ Einhorn
Batting: RHB Dan Boyd 0-0: Ball
1-0: Called Strike
1-1: Fly out, F7 (Line Drive, 5D, EV 72.5 MPH)
Batting: LHB Roy Lazzaro 0-0: Swinging Strike
0-1: Swinging Strike
0-2: Ball
1-2: Strikes out swinging, 2-3 out at first.
Batting: LHB Ramon Anguiano 0-0: Ground out 4-3 (Groundball, 4, EV 104.4 MPH)
Top of the 6th over - 0 runs, 0 hits, 0 errors, 0 left on base; Los Angeles 0 - Pittsburgh 4
BOTTOM OF THE 6TH
Pittsburgh Pirates batting - Pitching for Los Angeles Dodgers : RHP J.P. Vines
Pitching: RHP Eric Beattie
Batting: LHB Phil Samsa 0-0: SOLO HOME RUN (Flyball, 7D, EV 98.8 MPH), Distance : 383 ft
Batting: RHB Alex Velazquez 0-0: Called Strike
0-1: Swinging Strike
0-2: Foul Ball, location: 9LSF
0-2: Strikes out swinging
Batting: SHB Nick Stiles 0-0: Ground out U3 (Groundball, 3, EV 93.1 MPH)
Batting: RHB Chris Ward 0-0: Called Strike
0-1: Called Strike
0-2: Ball
1-2: Foul Ball, location: 2F
1-2: Ball
2-2: Ball
3-2: Strikes out looking
Bottom of the 6th over - 1 run, 1 hit, 0 errors, 0 left on base; Los Angeles 0 - Pittsburgh 5
TOP OF THE 7TH
Los Angeles Dodgers batting - Pitching for Pittsburgh Pirates : RHP Russ Einhorn
Batting: RHB Victor Salinas 0-0: Ball
1-0: Called Strike
1-1: Foul Ball, location: 2F
1-2: Foul Ball, location: 2F
1-2: Strikes out swinging
Pitching: RHP Kymani Gaines
Batting: SHB Mang He 0-0: Ball
1-0: Called Strike
1-1: Ball
2-1: Swinging Strike
2-2: Foul Ball, location: 7LSF
2-2: Ball
3-2: SINGLE (Line Drive, 8RS, EV 88.8 MPH)
Pinch Hitting: LHB Joel Holden 0-0: Grounds into double play, 4-6-3 (Groundball, 4, EV 103.8 MPH)
Top of the 7th over - 0 runs, 1 hit, 0 errors, 0 left on base; Los Angeles 0 - Pittsburgh 5
BOTTOM OF THE 7TH
Pittsburgh Pirates batting - Pitching for Los Angeles Dodgers : RHP Eric Beattie
Now in RF: Joel Holden
Batting: LHB Todd Schuller 0-0: Called Strike
0-1: Ball
1-1: Ball
2-1: DOUBLE (Flyball, 8LXD, EV 98.1 MPH)
Batting: RHB Carlos Flores 0-0: Foul Ball, location: 2F
0-1: Ball
1-1: Called Strike
1-2: Ground out 4-3 (Groundball, 4MD, EV 95.0 MPH)
Todd Schuller to third
Batting: SHB Jamie Hoffman 0-0: Foul Ball, location: 7LMF
0-1: Foul Ball, location: 2F
0-2: Ball
1-2: Ball
2-2: Fly out, F5 (Popup, 5, EV 67.5 MPH)
Pitching: RHP Sean McNees
Batting: RHB Zachary Gugliotta 0-0: Ball
1-0: Called Strike
1-1: SINGLE (Line Drive, 7S, EV 93.8 MPH)
Todd Schuller scores
Batting: RHB Joey Noles 0-0: Ball
1-0: Ball
2-0: Called Strike
2-1: SINGLE (Groundball, 56D, EV 96.9 MPH)
Zachary Gugliotta to second
Batting: LHB Phil Samsa 0-0: Ball
1-0: Swinging Strike
1-1: Ball
2-1: Swinging Strike
2-2: Foul Ball, location: 2F
2-2: SINGLE (Groundball, 4MD, EV 105.0 MPH)
Zachary Gugliotta to third
Joey Noles to second
Runner from 3rd tries for Home, SAFE, throw by CF to home
Batting: RHB Alex Velazquez 0-0: Ball
1-0: Ball
2-0: Swinging Strike
2-1: Foul Ball, location: 9LSF
2-2: Ground out 5-3 (Groundball, 56S, EV 75.6 MPH)
Bottom of the 7th over - 2 runs, 4 hits, 0 errors, 2 left on base; Los Angeles 0 - Pittsburgh 7
TOP OF THE 8TH
Los Angeles Dodgers batting - Pitching for Pittsburgh Pirates : RHP Kymani Gaines
Batting: RHB Joe Boyer 0-0: Called Strike
0-1: Called Strike
0-2: Foul Ball, location: 25F
0-2: Strikes out looking
Batting: LHB Jamie Wortman 0-0: Swinging Strike
0-1: Ground out U3 (Groundball, 3, EV 104.4 MPH)
Pinch Hitting: LHB Greg Thompson 0-0: Ball
1-0: Ball
2-0: Called Strike
2-1: Ball
3-1: Ground out 4-3 (Groundball, 4, EV 80.6 MPH)
Top of the 8th over - 0 runs, 0 hits, 0 errors, 0 left on base; Los Angeles 0 - Pittsburgh 7
BOTTOM OF THE 8TH
Pittsburgh Pirates batting - Pitching for Los Angeles Dodgers : RHP Sean McNees
Now in LF: Greg Thompson
Now in CF: Roy Lazzaro
Batting: SHB Nick Stiles 0-0: Called Strike
0-1: Ball
1-1: Called Strike
1-2: Ball
2-2: Fly out, F7 (Line Drive, 78D, EV 101.3 MPH)
Batting: RHB Chris Ward 0-0: Called Strike
0-1: Ball
1-1: SINGLE (Groundball, 56D, EV 105.0 MPH)
Pitching: RHP David Revis
Batting: LHB Todd Schuller 0-0: Ball
1-0: Foul Ball, location: 25FF
1-1: Grounds into double play, 5-4-3 (Groundball, 56, EV 102.5 MPH)
Bottom of the 8th over - 0 runs, 1 hit, 0 errors, 0 left on base; Los Angeles 0 - Pittsburgh 7
TOP OF THE 9TH
Los Angeles Dodgers batting - Pitching for Pittsburgh Pirates : RHP Kymani Gaines
Pitching: RHP Emilio Rios
Batting: RHB Dan Boyd 0-0: Fly out, F9 (Flyball, 9D, EV 90.6 MPH)
Batting: LHB Roy Lazzaro 0-0: Ball
1-0: Ground out 3-1 (Groundball, 34S, EV 90.6 MPH)
Batting: LHB Ramon Anguiano 0-0: Ball
1-0: Called Strike
1-1: Ball
2-1: Ball
3-1: Base on Balls
Batting: RHB Victor Salinas 0-0: Ball
Wild Pitch!
Ramon Anguiano to second
1-0: Ball
2-0: Foul Ball, location: 9LMF
2-1: Foul Ball, location: 2LF
2-2: Foul Ball, location: 2F
2-2: Single, Error in OF, E8, batter to second base (Groundball, 4MD, EV 97.5 MPH)
Ramon Anguiano scores
Batting: SHB Mang He 0-0: Ball
1-0: Called Strike
1-1: Ball
2-1: Ball
3-1: SINGLE (Line Drive, 56D, EV 106.3 MPH)
Victor Salinas to third
Batting: LHB Joel Holden 0-0: Ball
1-0: Called Strike
1-1: Ball
2-1: Called Strike
2-2: Ground out 1-3 (Groundball, 13, EV 72.5 MPH)
Top of the 9th over - 1 run, 2 hits, 1 error, 2 left on base; Los Angeles 1 - Pittsburgh 7
Saturday, May 11th , 2024 - OOTP Baseball 24.11 Build 85